 Dungeon Crawl Stone Soup version 0.31.0-1-g2c135a008e (webtiles) character file.

Game seed: 13465900336952067594

77 qw the Shooter (level 4, -2/35 HPs)
             Began as a Djinni Hunter on Jan 24, 2024.
             Slain by a water moccasin zombie (7 damage)
             ... on level 3 of the Dungeon.
             The game lasted 00:00:07 (2194 turns).

qw the Shooter (Djinni Hunter)                      Turns: 2194, Time: 00:00:07

Health: -2/35      AC:  3    Str: 10    XL:     4   Next: 60%
Gold:   208        EV: 12    Int: 10    God:
                   SH:  0    Dex: 19

rFire   + + .        a - +0 shortbow
rCold   x . .        (shield currently unavailable)
rNeg    . . .        c - +0 leather armour
rPois   inf          (no helmet)
rElec   .            (no cloak)
rCorr   .            (no gloves)
SInv    .            (boots unavailable)
Will    .....        (no amulet)
Stlth   ++           (no ring)
HPRegen 0.25/turn    (no ring)
MPRegen 0.00/turn

%: infuse magic (-3 HP)
@: about to teleport, flying
A: sickness immunity, fire resistance 2, cold vulnerability 1, float, innate
caster, HP casting, extra vitality 1
a: no special abilities


You were on level 3 of the Dungeon.
You visited 1 branch of the dungeon, and saw 3 of its levels.

You collected 208 gold pieces.


Innate Abilities, Weirdness & Mutations

You are immune to sickness and miasma.
You are immune to poison.
Your flesh is very heat resistant. (rF++)
You are vulnerable to cold. (rC-)
You float through the air rather than walking.
You learn spells naturally, not from books.
Your magical power is your life essence.
You have superior vitality. (+4 MHP)


   Skills:
 - Level 3.1 Fighting
 - Level 4.0 Ranged Weapons
 + Level 2.7 Dodging
 - Level 0.7 Stealth


You knew the following spells:

 Your Spells              Type           Power      Damage    Failure   Level
a - Summon Small Mammal   Summ           0%         N/A       45%         1
Your spell library was empty.

Inventory:

Hand Weapons
 a - a +0 shortbow (weapon)
Armour
 c - a +0 leather armour (worn)
 i - a +0 cloak
Jewellery
 e - an amulet of the acrobat
 f - an amulet of reflection
Wands
 n - a wand of polymorph (10)
Scrolls
 l - a scroll of fog {unknown}
 m - a scroll of vulnerability {unknown}
Potions
 b - a potion of attraction {unknown}
 d - a potion of brilliance {unknown}
 g - a potion of mutation {unknown}
 h - 3 potions of curing
 j - a potion of heal wounds {unknown}

Dungeon Overview and Level Annotations

Branches:
Dungeon (3/15)

Altars:
Fedhas

Shops:
D:1 !


Message History

You shoot an arrow.
The arrow hits the water moccasin zombie.
The water moccasin zombie is lightly damaged.
You shoot an arrow.
The arrow hits the water moccasin zombie.
The water moccasin zombie is moderately damaged.
The water moccasin zombie barely misses you.
You shoot an arrow.
The arrow hits the water moccasin zombie.
The water moccasin zombie is moderately damaged.
The water moccasin zombie bites you.
You shoot an arrow.
The arrow barely misses the water moccasin zombie.
The water moccasin zombie completely misses you.
The water moccasin zombie bites you.
You shoot an arrow.
The arrow hits the water moccasin zombie.
The water moccasin zombie is moderately damaged.
The water moccasin zombie bites you.
You shoot an arrow.
The arrow hits the water moccasin zombie.
The water moccasin zombie is heavily damaged.
The water moccasin zombie bites you! The water moccasin zombie bites you.
You shoot an arrow.
The arrow closely misses the water moccasin zombie.
The water moccasin zombie misses you.
You shoot an arrow.
The arrow hits the water moccasin zombie.
The water moccasin zombie is heavily damaged.
The water moccasin zombie barely misses you.
The water moccasin zombie bites you!
2193 ||| READING scroll of teleportation.
As you read the scroll of teleportation, it crumbles to dust.
You feel strangely unstable. The water moccasin zombie bites you.
You shoot an arrow.
The arrow hits the water moccasin zombie but does no damage.
The water moccasin zombie is heavily damaged.
The water moccasin zombie bites you!
You die...

##########
#........##
#.######..###
#@# ##...#
#Z# ###.# #.#
#.# ... #.#
... #.# .....
#.## .....
#..# #.....#
##.#####
#......


You could see a water moccasin zombie.

Vanquished Creatures
  2 adders (D:3)
  2 dart slugs
  An orc (D:3)
  4 bats
  5 endoplasms
  4 goblins
  8 hobgoblins
  6 jackals
  2 quokkas (D:1)
  4 ball pythons
  A ball python zombie (D:3)
  2 frilled lizards
  4 kobolds
  4 rats
49 creatures vanquished.

Notes
Turn   | Place    | Note
-------+----------+-------------------------------------------
     0 | D:1      | qw the Djinni Hunter began the quest for the Orb.
     0 | D:1      | Reached XP level 1. HP: 18/18 MP: 0/0
     0 | D:1      | 0 ||| qw: Version: 0.3-a-136-gdd3b4e8
     0 | D:1      | 0 ||| qw: Game counter: 1322
     0 | D:1      | 0 ||| qw: Melee chars always use a shield: true
     0 | D:1      | 0 ||| qw: God list: Okawaru
     0 | D:1      | 0 ||| qw: Allow faded altars: false
     0 | D:1      | 0 ||| qw: Do Orc after clearing Dungeon:15 true
     0 | D:1      | 0 ||| qw: Do second Lair branch before Depths: true
     0 | D:1      | 0 ||| qw: Lair rune preference: random
     0 | D:1      | 0 ||| qw: Goals: Normal
     0 | D:1      | 0 ||| PLANNING D:1-11
   176 | D:1      | Reached XP level 2. HP: 23/23 MP: 0/0
   452 | D:1      | Found Wiataife's Distillery.
   461 | D:1      | 461 ||| SHOPLISTING 2 potions of mutation (224 gold, have
                  | 22).
   461 | D:1      | 461 ||| SHOPLISTING potion of enlightenment (70 gold, have
                  | 22).
   461 | D:1      | 461 ||| SHOPLISTING potion of haste (140 gold, have 22).
   461 | D:1      | 461 ||| SHOPLISTING potion of might (56 gold, have 22).
   743 | D:1      | 743 ||| READING scroll labelled NIYPNE KOANLI.
   744 | D:1      | 744 ||| READING scroll labelled ARCHIK TODUDIO.
   744 | D:1      | 744 ||| IDENTIFYING 2 bubbling golden potions
   745 | D:1      | 745 ||| READING scroll labelled XIT QELLOGO.
   746 | D:1      | 746 ||| READING scroll labelled MIANIS KEEFE.
   751 | D:1      | 751 ||| DROPPING scroll of butterflies.
   784 | D:2      | Reached XP level 3. HP: 28/28 MP: 0/0
   784 | D:2      | Learned a level 1 spell: Summon Small Mammal
   816 | D:2      | Reached skill level 4 in Ranged Weapons
  1044 | D:2      | Found a blossoming altar of Fedhas.
  1637 | D:2      | 1637 ||| READING scroll labelled GUTRUO TOTOY.
  1638 | D:2      | 1638 ||| READING scroll labelled TUWNID OSYISS.
  1727 | D:3      | 1727 ||| RETREEEEATING.
  1728 | D:3      | 1728 ||| RETREEEEATING.
  1733 | D:3      | Reached XP level 4. HP: 31/34 MP: 0/0
  1739 | D:3      | Reached skill level 3 in Fighting
  2192 | D:3      | HP: 8/35 [water moccasin zombie (7)]
  2193 | D:3      | 2193 ||| READING scroll of teleportation.
  2194 | D:3      | Slain by a water moccasin zombie

Levels and vault maps discovered:
D:1:      saegor_arrival_miasma, layout_basic, serial_shops,
          nicolae_shop_industrial_runoff
D:2:      layout_loops_corners, basic_altar, hex_medium
D:3:      layout_rooms, lemuel_zombie_altar_yredelemnul, feat_on_display

Skill      XL: |  1  2  3  4 |
---------------+-------------+-----
Ranged Weapons | 4 |  4.0
Fighting       | 3 |  3.1
Dodging        | |  2.7
Stealth        | |  0.7

Action                     |  1- 3 |  4- 6 || total
---------------------------+-------+-------++-------
   Fire: Shortbow          |    95 |    36 ||   131
    Use: Scroll            |     6 |     1 ||     7
 Armour: Leather armour    |    18 |    16 ||    34
  Dodge: Dodged            |    14 |    15 ||    29

Table legend:
 A = Non-vault XP
 B = Vault XP
 C = Vault XP percentage of total XP
 D = Non-vault monster count
 E = Vault monster count
 F = Vault count percentage of total count
                 A         B        C        D         E       F
            +---------+---------+-------+---------+---------+-------
      Total |     110 |       1 |   0.9 |      48 |       1 |   2.0
            +---------+---------+-------+---------+---------+-------
        D:1 |      28 |       0 |   0.0 |      16 |       0 |   0.0
        D:2 |      30 |       0 |   0.0 |      16 |       0 |   0.0
        D:3 |      52 |       1 |   1.9 |      16 |       1 |   5.9
            +---------+---------+-------+---------+---------+-------
